 Dungeon Crawl Stone Soup version 0.21-a0-398-g2ec2765 (webtiles) character file.

8520 Mitsuki the Basher (level 11, -2/101 HPs)
             Began as a Minotaur Gladiator on Oct 20, 2017.
             Was an Elder of Wu Jian.
             Killed from afar by an electric eel (8 damage)
             ... with a bolt of electricity
             ... on level 10 of the Dungeon.
             The game lasted 00:28:52 (11260 turns).

Mitsuki the Basher (Minotaur Gladiator)            Turns: 11260, Time: 00:28:53

Health: -2/101     AC: 21    Str: 21    XL:     11   Next: 11%
Magic:  10/10      EV: 13    Int:  7    God:    Wu Jian [****..]
Gold:   289        SH:  0    Dex: 19    Spells: 10/10 levels left

rFire    + . .     SeeInvis .   y - +2 flail of Suopec {crush, Int+2 Dex+4}
rCold    . . .     Gourm    .   (no shield)
rNeg     . . .     Faith    .   t - +0 plate armour
rPois    .         Spirit   .   c - +0 hat
rElec    .         Reflect  .   (no cloak)
rCorr    .         Harm     .   (no gloves)
MR       .....                  B - +0 pair of boots
Stlth    ..........             (no amulet)
HPRegen  0.26/turn              g - ring of protection from fire
MPRegen  0.12/turn              (no ring)

@: no status effects
A: retaliatory headbutt, horns 2, iridescent scales 1, thin metallic scales 1,
agile 1, shaggy fur 1
a: Serpent's Lash, Renounce Religion


You were on level 10 of the Dungeon.
You worshipped Wu Jian.
Wu Jian was greatly pleased with you.
You were not hungry.

You visited 2 branches of the dungeon, and saw 11 of its levels.

You collected 479 gold pieces.
You spent 190 gold pieces at shops.

Inventory:

Hand Weapons
 y - the +2 flail of Suopec (weapon) {crush, Int+2 Dex+4}
   (You found it on level 4 of the Dungeon)

   It inflicts extra damage upon your enemies.
   It affects your intelligence (+2).
   It affects your dexterity (+4).
Missiles
 d - 4 throwing nets (quivered)
 C - 3 curare-tipped needles
Armour
 c - a +0 hat (worn)
 t - a +0 plate armour (worn)
 B - a +0 pair of boots (worn)
Jewellery
 g - a ring of protection from fire (left hand)
 E - the ring of Huliqiup {MR+ AC-2}
   (You found it on level 5 of the Dungeon)

   [ring of protection]

   It affects your AC (-2).
   It affects your resistance to hostile enchantments.
 Q - an uncursed amulet of magic regeneration
Wands
 u - a wand of confusion (22/48)
 M - a wand of disintegration (10/24)
 P - a wand of iceblast (1/15)
Scrolls
 b - 3 scrolls of remove curse
 j - 2 scrolls of fear
 l - 3 scrolls of enchant armour {unknown}
 n - a scroll of noise {unknown}
 o - 6 scrolls of identify
 r - 3 scrolls of amnesia {unknown}
 v - 2 scrolls of random uselessness {unknown}
 w - 2 scrolls of enchant weapon {unknown}
 A - a scroll of magic mapping {unknown}
 D - 2 scrolls of recharging {unknown}
 K - a scroll of teleportation {unknown}
 O - a scroll of fog {unknown}
Potions
 e - a potion of agility {unknown}
 i - 7 potions of curing
 k - a potion of berserk rage {unknown}
 m - a potion of invisibility {unknown}
 p - 2 potions of haste {unknown}
 q - a potion of magic {unknown}
 s - 3 potions of might {unknown}
 x - 2 potions of degeneration {unknown}
 z - a potion of resistance {unknown}
 F - 3 potions of heal wounds {unknown}
 G - a potion of mutation
 H - a potion of brilliance {unknown}
 I - a potion of lignification {unknown}
Books
 J - a book of Changes

   Spells                             Type                      Level
   a - Beastly Appendage              Transmutation                1
   b - Sticks to Snakes               Transmutation                2
   c - Spider Form                    Transmutation/Poison         3
   d - Ice Form                       Ice/Transmutation            4
   e - Blade Hands                    Transmutation                5
 L - a book of Misfortune

   Spells                             Type                      Level
   a - Confusing Touch                Hexes                        1
   b - Confuse                        Hexes                        3
   c - Gell's Gravitas                Translocation                3
   d - Petrify                        Transmutation/Earth          4
   e - Metabolic Englaciation         Hexes/Ice                    5
   f - Yara's Violent Unravelling     Hexes/Transmutation          5
Comestibles
 a - 3 fruits
 f - 8 bread rations
 h - 7 meat rations
 N - 2 royal jellies
 R - 4 chunks of flesh


   Skills:
 + Level 10.6 Fighting
 + Level 10.9 Maces & Flails
 - Level 2.0 Throwing
 + Level 10.2 Armour
 + Level 10.0 Dodging


You had 10 spell levels left.
You didn't know any spells.

Dungeon Overview and Level Annotations

Branches:
Dungeon (10/15)            Temple (1/1) D:4             Orc (0/2) D:9
   Lair: D:8-11

Altars:
Cheibriados
Dithmenos
Elyvilon
Fedhas
Gozag
Hepliaklqana
Kikubaaqudgha
Makhleb
Nemelex Xobeh
Okawaru
Qazlal
Ru
Sif Muna
Uskayaw
Vehumet
Wu Jian
Xom
Yredelemnul
Zin

Shops:
D:6 !


Innate Abilities, Weirdness & Mutations

You reflexively headbutt those who attack you in melee.
You have a pair of horns on your head.
You are partially covered in iridescent scales. (AC +2)
You are partially covered in thin metallic scales. (AC +2)
You are agile. (Dex +2)
You are covered in fur. (AC +1)


Message History

The bolt of electricity hits you! The ice dragon breathes frost at you.
The blast of cold misses you.
You spin and attack the ice dragon.
You closely miss the ice dragon.
You headbutt the ice dragon, but do no damage.
The ice dragon is severely wounded.
The electric eel shoots out a bolt of lightning at you!
The bolt of electricity hits you!
* * * LOW HITPOINT WARNING * * *
The ice dragon barely misses you. The ice dragon claws you!
* * * LOW HITPOINT WARNING * * *
The ice dragon barely misses you.
You take 14 damage, and have 5/101 hp.
You spin and attack the ice dragon.
You hit the ice dragon but do no damage.
Your headbutt misses the ice dragon.
The ice dragon is severely wounded.
The electric eel shoots out a bolt of lightning at you!
The bolt of electricity hits you!
You die...

#.####.####
#... #.#
#....#######
#.#
####........
##.#
#####....
#..# #....
#.## #....
#.# #....
##D# #....
#.@# ##...
##..## ####
##?...##
#......#
##......#
#.......#
#........#
#≈;......#
≈≈≈≈.....#


You could see an ice dragon and an electric eel.

Vanquished Creatures
  Harold (D:10)
  A two-headed ogre (D:10)
  A troll (D:9)
  A merfolk (D:9)
  A slime creature (D:6)
  A hippogriff (D:8)
  2 wyverns
  Eustachio (D:4)
  8 yaks (D:10)
  A porcupine (D:10)
  A water moccasin (D:10)
  An orc warrior (D:6)
  3 ice beasts
  3 sky beasts
  3 phantoms
  5 ogres
  6 centaurs
  A crocodile (D:8)
  A big kobold (D:10)
  6 bullfrogs
  A water moccasin skeleton (D:6)
  4 scorpions
  6 killer bees
  3 wights (D:6)
  4 howler monkeys
  2 lava snakes (D:9)
  2 crimson imps
  2 quasits
  2 hounds
  11 jellies
  4 orc priests
  A bullfrog skeleton (D:6)
  A gnoll shaman (D:9)
  4 orc wizards
  2 iguanas
  7 worker ants
  A hound skeleton (D:5)
  3 gnolls (D:9)
  15 adders
  A shadow imp (D:8)
  9 oozes
  An adder skeleton (D:6)
  3 worms (D:2)
  3 dart slugs
  9 leopard geckos
  29 orcs
  7 bats
  2 giant cockroaches
  6 goblins
  6 hobgoblins
  15 jackals
  4 quokkas
  6 ball pythons
  5 frilled lizards
  A jackal skeleton (D:8)
  17 kobolds
  A quokka skeleton (D:8)
  10 rats
258 creatures vanquished.

Vanquished Creatures (others)
  A quokka (D:2)
  9 fungi (D:6)
10 creatures vanquished.

Grand Total: 268 creatures vanquished

Notes
Turn   | Place    | Note
-------+----------+-------------------------------------------
     0 | D:1      | Mitsuki the Minotaur Gladiator began the quest for the Orb.
     0 | D:1      | Reached XP level 1. HP: 18/18 MP: 0/0
   340 | D:1      | Reached skill level 1 in Armour
   340 | D:1      | Reached XP level 2. HP: 25/25 MP: 1/1
  1263 | D:2      | Reached XP level 3. HP: 26/31 MP: 2/2
  1546 | D:2      | Found a white marble altar of Elyvilon.
  1587 | D:2      | Noticed a scorpion
  2135 | D:2      | Killed a scorpion
  2135 | D:2      | Reached XP level 4. HP: 40/40 MP: 3/3
  2684 | D:3      | Reached XP level 5. HP: 46/46 MP: 4/4
  3162 | D:3      | Reached skill level 5 in Maces & Flails
  3568 | D:3      | Found a sacrificial altar of Ru.
  3816 | D:4      | Noticed Eustachio
  4039 | D:3      | Reached XP level 6. HP: 37/53 MP: 5/5
  4209 | D:4      | Killed Eustachio
  4250 | D:4      | Found a sparkling altar of Nemelex Xobeh.
  4284 | D:4      | Reached skill level 5 in Fighting
  4503 | D:4      | Got an iridescent flail
  4504 | D:4      | Identified the +2 flail of Suopec {crush, Int+2 Dex+4} (You found it on level 4 of the Dungeon)
  4677 | D:4      | Found a staircase to the Ecumenical Temple.
  4684 | Temple   | Entered the Ecumenical Temple
  4844 | Temple   | Became a worshipper of the Wu Jian Council
  4934 | D:4      | Reached skill level 5 in Dodging
  4934 | D:4      | Reached XP level 7. HP: 50/61 MP: 6/6
  5295 | D:5      | Entered Level 5 of the Dungeon
  5397 | D:5      | Got a glittering golden ring
  5398 | D:5      | Identified the cursed ring of Huliqiup {MR+ AC-2} (You found it on level 5 of the Dungeon)
  5408 | D:5      | Gained mutation: You occasionally shout uncontrollably at your foes. [potion of mutation]
  5408 | D:5      | Gained mutation: Potions are less effective at restoring your health. [potion of mutation]
  5408 | D:5      | Gained mutation: Your system is resistant to poisons. (rPois) [potion of mutation]
  5408 | D:5      | Gained mutation: You have sharp fingernails. [potion of mutation]
  5409 | D:5      | Lost mutation: Your system is resistant to poisons. (rPois) [potion of mutation]
  5409 | D:5      | Lost mutation: You occasionally shout uncontrollably at your foes. [potion of mutation]
  5409 | D:5      | Lost mutation: You have sharp fingernails. [potion of mutation]
  5409 | D:5      | Gained mutation: Your flesh is cold resistant. (rC+) [potion of mutation]
  5410 | D:5      | Lost mutation: Your flesh is cold resistant. (rC+) [potion of mutation]
  5410 | D:5      | Lost mutation: Potions are less effective at restoring your health. [potion of mutation]
  5410 | D:5      | Gained mutation: You are covered in fur. (AC +1) [potion of mutation]
  5410 | D:5      | Gained mutation: You are frail. (-10% HP) [potion of mutation]
  5410 | D:5      | Gained mutation: Your flesh is cold resistant. (rC+) [potion of mutation]
  5932 | D:5      | Reached skill level 5 in Armour
  5935 | D:5      | Gained mutation: Your muscles are strong. (Str +2) [mutagenic meat]
  5938 | D:5      | Gained mutation: You tend to lose your temper in combat. [mutagenic meat]
  5939 | D:5      | Gained mutation: You are partially covered in thin metallic scales. (AC +2) [mutagenic meat]
  6165 | D:5      | Found a glowing silver altar of Zin.
  6257 | D:5      | Found an iron altar of Okawaru.
  6573 | D:6      | Reached XP level 8. HP: 60/63 MP: 7/7
  6727 | D:6      | Reached * piety under Wu Jian
  6938 | D:6      | Found a burning altar of Makhleb.
  6938 | D:6      | Noticed a cacodemon
  6941 | D:6      | Noticed an orange demon
  6984 | D:6      | Found Qeinang's Distillery.
  6987 | D:6      | Bought a potion of mutation for 80 gold pieces
  6987 | D:6      | Bought a potion of mutation for 80 gold pieces
  6987 | D:6      | Bought a potion of curing for 30 gold pieces
  6987 | D:6      | Lost mutation: You are frail. (-10% HP) [potion of mutation]
  6987 | D:6      | Lost mutation: Your muscles are strong. (Str +2) [potion of mutation]
  6987 | D:6      | Lost mutation: You tend to lose your temper in combat. [potion of mutation]
  6987 | D:6      | Lost mutation: Your flesh is cold resistant. (rC+) [potion of mutation]
  6987 | D:6      | Gained mutation: You evolve. [potion of mutation]
  6987 | D:6      | Gained mutation: You are agile. (Dex +2) [potion of mutation]
  6987 | D:6      | Gained mutation: You are partially covered in iridescent scales. (AC +2) [potion of mutation]
  7411 | D:6      | Noticed a slime creature
  7439 | D:6      | Killed a slime creature
  7442 | D:6      | Reached XP level 9. HP: 64/79 MP: 8/8
  7464 | D:6      | Reached ** piety under Wu Jian
  7690 | D:7      | Found a blossoming altar of Fedhas.
  7756 | D:7      | Lost mutation: You evolve. [mutagenic meat]
  8706 | D:8      | Reached *** piety under Wu Jian
  9134 | D:7      | Reached XP level 10. HP: 85/91 MP: 9/9
 10085 | D:9      | Found a staircase to the Orcish Mines.
 10320 | D:9      | Reached skill level 10 in Maces & Flails
 10529 | D:10     | Entered Level 10 of the Dungeon
 10536 | D:10     | Noticed Harold
 10563 | D:10     | Killed Harold
 10563 | D:10     | Reached skill level 10 in Fighting
 10716 | D:10     | Reached **** piety under Wu Jian
 10724 | D:10     | Reached skill level 10 in Armour
 10894 | D:10     | Noticed a two-headed ogre
 10914 | D:10     | Killed a two-headed ogre
 10914 | D:10     | Reached XP level 11. HP: 55/101 MP: 10/10
 11231 | D:10     | Noticed an ice dragon
 11231 | D:10     | Reached skill level 10 in Dodging
 11259 | D:10     | HP: 5/101 [ice dragon (11)]
 11260 | D:10     | Killed from afar by an electric eel

Vault maps used:
D:1:      dpeg_arrival_solitude, minivault_24
D:2:      elyvilon_altar_4, first_bread, grunt_ministairs_7,
          kennysheep_pointless_box
D:3:      marbit_many_paths, nrook_mini_vaults, minmay_shallow_snake_nest
D:4:      nemelex_xobeh_ov_fountains_minmay, minmay_temple_entry_trees,
          uniq_eustachio
D:5:      zin_scriptorium, old_standard_altar
D:6:      lemuel_slime, serial_shops, shop, makhleb_altar_promises_db
D:7:      fedhas_altar_3
D:9:      lemuel_flame_loot_2, orc_0_dummy, hangedman_fish_farm
D:10:     dragon1_lemuel, grunt_lair_entry_orc_guard_hut, uniq_harold
Temple:   regret_index_temple_sphere_string

Skill      XL: |  1  2  3  4  5  6  7  8  9 10 11 |
---------------+----------------------------------+-----
Armour         | 1 2 3 4 5 6 8 10 | 10.2
Maces & Flails | 4 5 6 8 9 10 | 10.9
Fighting       | 3 4 5 6 7 9 10 | 10.6
Dodging        | 4 5 7 8 9 10 | 10.0
Throwing       | |  2.0

Action                   |  1- 3 |  4- 6 |  7- 9 | 10-12 || total
-------------------------+-------+-------+-------+-------++-------
Melee: Flail             |   105 |   121 |   287 |   199 ||   712
       Headbutt          |    13 |    21 |    68 |    59 ||   161
Throw: Throwing net      |     1 |       |       |       ||     1
  Use: Potion            |       |       |     4 |       ||     4
       Scroll            |       |       |     3 |       ||     3
 Stab: Sleeping          |     1 |       |       |       ||     1
  Eat: Chunk             |     4 |     8 |    21 |     7 ||    40
Armor: Leather armour    |    25 |     1 |       |       ||    26
       Plate armour      |       |    88 |   154 |   103 ||   345
Dodge: Dodged            |    76 |    52 |   158 |    97 ||   383

Table legend:
 A = Spawn XP
 B = Non-spawn XP
 C = Spawn XP percentage of total XP
 D = Spawn monster count
 E = Non-spawn monster count
 F = Spawn count percentage of total count
 G = Total turns spent on level
                    A         B        C        D         E        F      G
               +---------+---------+-------+---------+---------+-------+---------
         Total |       0 |   12172 |   0.0 |       0 |     258 |   0.0 | 11260
               +---------+---------+-------+---------+---------+-------+---------
           D:1 |       0 |      30 |   0.0 |       0 |      19 |   0.0 |  1388
           D:2 |       0 |     141 |   0.0 |       0 |      29 |   0.0 |  1188
           D:3 |       0 |     183 |   0.0 |       0 |      28 |   0.0 |  1441
           D:4 |       0 |     397 |   0.0 |       0 |       6 |   0.0 |  1086
           D:5 |       0 |     627 |   0.0 |       0 |      17 |   0.0 |  1253
           D:6 |       0 |    1624 |   0.0 |       0 |      47 |   0.0 |  1030
           D:7 |       0 |    1161 |   0.0 |       0 |      20 |   0.0 |  1046
           D:8 |       0 |    1525 |   0.0 |       0 |      40 |   0.0 |   690
           D:9 |       0 |    1845 |   0.0 |       0 |      21 |   0.0 |  1215
          D:10 |       0 |    4639 |   0.0 |       0 |      31 |   0.0 |   731
               +---------+---------+-------+---------+---------+-------+---------
